Workbook

Sheet 1. Applicant Information
A1: Applicant Information
A2: Note: By signing, the Superintendent, or designee, is approving the proposed budget for the United for Youth Grant application.
A3: If the signature cannot be added to this Excel document, please PDF the Applicant Information worksheet, obtain the signature and submit this Excel document with the PDF signature page together.
A4: Field Names | B4: Applicant Information Fields
A5: Program: | B5: United for Youth
A6: Grant Period: | B6: May 2, 2025-June 30, 2027
A7: Organization Name: | B7: [Enter Organization's Name Here]
A8: Total Requested Amount: | B8: =SUM('3. Budget Summary'!F17) -> #VALUE!
A9: Superintendent's, or designee's, Printed Name and Title: | B9: [Enter Superintendent's or Designee's Name and Title Here]
A10: Superintendent's, or designee's, Signature: | B10: [Insert Superintendent's or Designee's Signature Here]

Sheet 2. Contact Information
A1: Contact Information
A2: Program: | B2: ='1. Applicant Information'!B5 -> United for Youth
A3: Grant Period: | B3: ='1. Applicant Information'!B6 -> May 2, 2025-June 30, 2027
A4: Organization Name: | B4: ='1. Applicant Information'!B7 -> [Enter Organization's Name Here]
A5: Total Requested Amount: | B5: =SUM('3. Budget Summary'!F17) -> #VALUE!
A6: Section 1 - Field Names | B6: Contact Information Entry Fields
A7: Agency Administrator's Name: | B7: [Enter Administrator's Name Here]
A8: Agency Administrator's Title: | B8: [Enter Administrator's Title Here]
A9: Agency Administrator's Phone Number: | B9: [Enter Administrator's Phone Number Here]
A10: Agency Administrator's Email: | B10: [Enter Administrator's Email Here]
A11: United for Youth Primary Contact Name: | B11: [Enter United for Youth Primary Contact Name Here]
A12: United for Youth Primary Contact Title: | B12: [Enter United for Youth Primary Contact Title Here]
A13: United for Youth Primary Contact Phone Number: | B13: [Enter United for Youth Primary Contact Phone Number Here]
A14: United for Youth Primary Contact Email: | B14: [Enter United for Youth Primary Contact Email Here]
A15: Agency/LEA Fiscal Contact's Name: | B15: [Enter Agency/LEA Fiscal Contact's Name Here]
A16: Agency/LEA Fiscal Contact's Title: | B16: [Enter Agency/LEA Fiscal Contact's Title Here]
A17: Agency/LEA Fiscal Contact's Phone Number: | B17: [Enter Agency/LEA Fiscal Contact's Phone Number Here]
A18: Agency/LEA Fiscal Contact's Email: | B18: [Enter Agency/LEA Fiscal Contact's Email Here]

Sheet 3. Budget Summary
A1: Budget Summary
A2: Information on the worksheet will auto populate based on the data entered on the Year 1 through 3 budget worksheets.
A3: Program: | B3: ='1. Applicant Information'!B5 -> United for Youth
A4: Grant Period: | B4: ='1. Applicant Information'!B6 -> May 2, 2025-June 30, 2027
A5: Organization Name: | B5: ='1. Applicant Information'!B7 -> [Enter Organization's Name Here]
A6: LEA CDS Code (if applicable):
A7: Total Requested Amount: | B7: =SUM(F17) -> #VALUE!
A8: Object Code | B8: Budget Category | C8: Year 1 Budget | D8: Year 2 Budget | E8: Year 3 Budget | F8: Grant Total
A9: 1000 | B9: Certificated Personnel Salaries | C9: =' 4 Year 1 - Budget Narrativ '!C8 -> [Enter Budget Total] | D9: =' 5 Year 2 - Budget Narrativ '!C8 -> [Enter Budget Total] | E9: =' 6 Year 3 - Budget Narrativ '!C8 -> [Enter Budget Total] | F9: =SUM(Table1[[#This Row],[Year 1 Budget]:[Year 3 Budget]]) -> 0
A10: 2000 | B10: Classified Personnel Salaries | C10: =' 4 Year 1 - Budget Narrativ '!C9 -> [Enter Budget Total] | D10: =' 5 Year 2 - Budget Narrativ '!C9 -> [Enter Budget Total] | E10: =' 6 Year 3 - Budget Narrativ '!C9 -> [Enter Budget Total] | F10: =SUM(Table1[[#This Row],[Year 1 Budget]:[Year 3 Budget]]) -> 0
A11: 3000 | B11: Employee Benefits | C11: =' 4 Year 1 - Budget Narrativ '!C10 -> [Enter Budget Total] | D11: =' 5 Year 2 - Budget Narrativ '!C10 -> [Enter Budget Total] | E11: =' 6 Year 3 - Budget Narrativ '!C10 -> [Enter Budget Total] | F11: =SUM(Table1[[#This Row],[Year 1 Budget]:[Year 3 Budget]]) -> 0
A12: 4000 | B12: Books and Supplies | C12: =' 4 Year 1 - Budget Narrativ '!C11 -> [Enter Budget Total] | D12: =' 5 Year 2 - Budget Narrativ '!C11 -> [Enter Budget Total] | E12: =' 6 Year 3 - Budget Narrativ '!C11 -> [Enter Budget Total] | F12: =SUM(Table1[[#This Row],[Year 1 Budget]:[Year 3 Budget]]) -> 0
A13: 5000 | B13: Services and Other Operating Expenditures | C13: =' 4 Year 1 - Budget Narrativ '!C12 -> [Enter Budget Total] | D13: =' 5 Year 2 - Budget Narrativ '!C12 -> [Enter Budget Total] | E13: =' 6 Year 3 - Budget Narrativ '!C12 -> [Enter Budget Total] | F13: =SUM(Table1[[#This Row],[Year 1 Budget]:[Year 3 Budget]]) -> 0
A14: 6000 | B14: Capital Outlay | C14: =' 4 Year 1 - Budget Narrativ '!C13 -> [Enter Budget Total] | D14: =' 5 Year 2 - Budget Narrativ '!C13 -> [Enter Budget Total] | E14: =' 6 Year 3 - Budget Narrativ '!C13 -> [Enter Budget Total] | F14: =SUM(Table1[[#This Row],[Year 1 Budget]:[Year 3 Budget]]) -> 0
A15: N/A | B15: Total Direct Costs | C15: =' 4 Year 1 - Budget Narrativ '!C14 -> 0 | D15: =' 5 Year 2 - Budget Narrativ '!C14 -> 0 | E15: =' 6 Year 3 - Budget Narrativ '!C14 -> 0 | F15: =SUM(Table1[[#This Row],[Year 1 Budget]:[Year 3 Budget]]) -> 0
A16: 7000 | B16: Indirect Rate | C16: =' 4 Year 1 - Budget Narrativ '!C15 -> #VALUE! | D16: =' 5 Year 2 - Budget Narrativ '!C15 -> #VALUE! | E16: =' 6 Year 3 - Budget Narrativ '!C15 -> #VALUE! | F16: =SUM(Table1[[#This Row],[Year 1 Budget]:[Year 3 Budget]]) -> #VALUE!
A17: N/A | B17: Total Budget & Expenditures | C17: =' 4 Year 1 - Budget Narrativ '!C16 -> #VALUE! | D17: =' 5 Year 2 - Budget Narrativ '!C16 -> #VALUE! | E17: =' 6 Year 3 - Budget Narrativ '!C16 -> #VALUE! | F17: =SUM(Table1[[#This Row],[Year 1 Budget]:[Year 3 Budget]]) -> #VALUE!

Sheet  4 Year 1 - Budget Narrativ 
A1: Year 1 - Budget (May 2, 2025 - June 30, 2025)
A2: Program: | B2: ='1. Applicant Information'!B5 -> United for Youth
A3: Grant Period: | B3: ='1. Applicant Information'!B6 -> May 2, 2025-June 30, 2027
A4: Organization Name: | B4: ='1. Applicant Information'!B7 -> [Enter Organization's Name Here]
A5: LEA CDS Code (if applicable):
A6: Total Requested Amount: | B6: =SUM('3. Budget Summary'!F17) -> #VALUE!
A7: Budget Category | B7: Budget Narrative (Provide a projected cost, description, and detailed justification for each proposed expenditure. Additional lines may be added within each individual object code to accommodate additional expenditures) | C7: Budget Total
A8: Certificated Personnel Salaries | C8: [Enter Budget Total]
A9: Classified Personnel Salaries | C9: [Enter Budget Total]
A10: Employee Benefits | C10: [Enter Budget Total]
A11: Books and Supplies | C11: [Enter Budget Total]
A12: Services and Other Operating Expenditures | C12: [Enter Budget Total]
A13: Capital Outlay | C13: [Enter Budget Total]
A14: Total Direct Costs | B14: N/A | C14: =SUM(C8:C13) -> 0
A15: Indirect Rate | B15: [Enter Indirect Rate %] | C15: =Table1436[[#This Row],[Budget Narrative (Provide a projected cost, description, and detailed justification for each proposed expenditure. Additional lines may be added within each individual object code to accommodate additional expenditures)]]*C14 -> #VALUE!
A16: Total Budget | B16: N/A | C16: =SUM(C14:C15) -> #VALUE!

Sheet  5 Year 2 - Budget Narrativ 
A1: Year 2 - Budget (July 1, 2025 - June 30, 2026)
A2: Program: | B2: ='1. Applicant Information'!B5 -> United for Youth
A3: Grant Period: | B3: July 1, 2025-June 30, 2026
A4: Organization Name: | B4: ='1. Applicant Information'!B7 -> [Enter Organization's Name Here]
A5: LEA CDS Code (if applicable):
A6: Total Requested Amount: | B6: =SUM('3. Budget Summary'!F17) -> #VALUE!
A7: Budget Category | B7: Budget Narrative (Provide a projected cost, description, and detailed justification for each proposed expenditure. Additional lines may be added within each individual object code to accommodate additional expenditures) | C7: Budget Total
A8: Certificated Personnel Salaries | C8: [Enter Budget Total]
A9: Classified Personnel Salaries | C9: [Enter Budget Total]
A10: Employee Benefits | C10: [Enter Budget Total]
A11: Books and Supplies | C11: [Enter Budget Total]
A12: Services and Other Operating Expenditures | C12: [Enter Budget Total]
A13: Capital Outlay | C13: [Enter Budget Total]
A14: Total Direct Costs | B14: N/A | C14: =SUM(C8:C13) -> 0
A15: Indirect Rate | B15: [Enter Indirect Rate %] | C15: =Table14367[[#This Row],[Budget Narrative (Provide a projected cost, description, and detailed justification for each proposed expenditure. Additional lines may be added within each individual object code to accommodate additional expenditures)]]*C14 -> #VALUE!
A16: Total Budget | B16: N/A | C16: =SUM(C14:C15) -> #VALUE!

Sheet  6 Year 3 - Budget Narrativ 
A1: Year 3 - Budget (July 1, 2026 - June 30, 2027)
A2: Program: | B2: ='1. Applicant Information'!B5 -> United for Youth
A3: Grant Period: | B3: July 1, 2026-June 30, 2027
A4: Organization Name: | B4: ='1. Applicant Information'!B7 -> [Enter Organization's Name Here]
A5: LEA CDS Code (if applicable):
A6: Total Requested Amount: | B6: =SUM('3. Budget Summary'!F17) -> #VALUE!
A7: Budget Category | B7: Budget Narrative (Provide a projected cost, description, and detailed justification for each proposed expenditure. Additional lines may be added within each individual object code to accommodate additional expenditures) | C7: Budget Total
A8: Certificated Personnel Salaries | C8: [Enter Budget Total]
A9: Classified Personnel Salaries | C9: [Enter Budget Total]
A10: Employee Benefits | C10: [Enter Budget Total]
A11: Books and Supplies | C11: [Enter Budget Total]
A12: Services and Other Operating Expenditures | C12: [Enter Budget Total]
A13: Capital Outlay | C13: [Enter Budget Total]
A14: Total Direct Costs | B14: N/A | C14: =SUM(C8:C13) -> 0
A15: Indirect Rate | B15: [Enter Indirect Rate %] | C15: =Table1436710[[#This Row],[Budget Narrative (Provide a projected cost, description, and detailed justification for each proposed expenditure. Additional lines may be added within each individual object code to accommodate additional expenditures)]]*C14 -> #VALUE!
A16: Total Budget | B16: N/A | C16: =SUM(C14:C15) -> #VALUE!
